 Dungeon Crawl Stone Soup version bcrawl-1.34.4 (webtiles) character file.

Game seed: 7670166389764231015

180804 KristoblXynda the Slasher (level 5, -2/47 HPs)
             Began as a Draconian Gladiator on Oct 21, 2021.
             Was an Initiate of Ashenzari.
             Killed by nerve-wracking pain
             ... invoked by an orc priest
              (7 damage)
             ... on level 3 of the Dungeon.
             The game lasted 00:05:09 (2442 turns).

KristoblXynda the Slasher (Draconian Gladiator)     Turns: 2442, Time: 00:05:09

Health: -2/47      AC:  6    Str: 17    XL:     5   Next: 80%
Magic:  5/5        EV: 13    Int:  9    God:    Ashenzari [......]
Gold:   168        SH:  0    Dex: 12    Spells: 4/4 levels left

rFire    . . .     SeeInvis +   q - +4 dagger
rCold    . . .     Gourm    .   (no shield)
rNeg     . . .     Faith    .   (armour unavailable)
rPois    .         Spirit   .   b - +1 hat
rElec    .         Reflect  .   (no cloak)
rCorr    .         Harm     .   (no gloves)
MR       .....                  (no boots)
Stlth    ..........             s - amulet of Vision {SInv *Curse} (curse)
HPRegen  0.15/turn              g - ring of attention (curse)
MPRegen  0.09/turn              (no ring)

@: no status effects
A: unfitting armour, cold-blooded, AC +5
a: Curse Item, Renounce Religion


You were on level 3 of the Dungeon.
You worshipped Ashenzari.
Ashenzari was noncommittal.
You were hungry.

You visited 1 branch of the dungeon, and saw 3 of its levels.

You collected 168 gold pieces.

Inventory:

Hand Weapons
 a - a +0 long sword
 q - a +4 dagger (weapon)
Missiles
 c - 3 throwing nets (quivered) {=f}
Armour
 b - a +1 hat (worn)
 j - a +0 buckler
Jewellery
 g - a cursed ring of attention (left hand)
 s - the cursed amulet of Vision (around neck) {SInv *Curse}
   (You found it on level 2 of the Dungeon)

   [amulet of nothing]

   It lets you see invisible.
   It curses itself when equipped.
   It has a curse placed upon it.
Scrolls
 h - a scroll of amnesia {unknown}
 m - 2 scrolls of enchant armour {unknown}
Potions
 n - a potion of might {unknown}
 o - a potion of cancellation {unknown}
 p - a potion of resistance
Comestibles
 e - 4 rations {!d}
 i - 3 chunks of flesh


   Skills:
 + Level 4.6 Fighting
 * Level 5.0 Long Blades
 - Level 2.0 Throwing
 + Level 3.7 Dodging


You had 4 spell levels left.
You didn't know any spells.
Your spell library was empty.

Dungeon Overview and Level Annotations

Branches:
Dungeon (3/12)

Altars:
Ashenzari
Lugonu
Uskayaw
Xom


Innate Abilities, Weirdness & Mutations

Your plain brown scales are hard. (AC +5)
You cannot fit into any form of body armour.
You are cold-blooded and may be slowed by cold attacks.


Message History

The gnoll is severely wounded.
The orc priest invokes the aid of Beogh against you.
Beogh smites you!
* * * LOW HITPOINT WARNING * * *
The gnoll misses you.
Things that are here:
an adder corpse x2; a worker ant corpse You hit the gnoll.
The gnoll is almost dead.
The gnoll closely misses you.
Some of the chunks of flesh in your inventory have rotted away.
You hit the gnoll.
You kill the gnoll!
Your Long Blades skill increases to level 5!
No path to travel!
No path to travel!
You feel a little less agile now.
The orc priest calls down the wrath of Beogh upon you.
Pain shoots through your body!
You die...

..
##.....##.#######
..
##...###.#......
##......#.#####
#.######.#####
#...........##
########.##.##
#.. #########
#.##[## ...
#####...$.o.#
#.(.... #..
.......@.##.#
####### #.#
..###.##.##.# #.#
# #.##.# ..# # #
#.##g# ..#.##...
#.##.##.#
.........
#...o...#
.##......
####o#### .#
##... #.# .# .
##)##


You could see an orc priest and 2 orcs.

Vanquished Creatures
  A hound (D:3)
  Terence (D:2)
  A worker ant (D:3)
  Robin (D:2)
  2 gnolls (D:3)
  5 adders
  2 worms
  3 leopard geckos
  An orc (D:2)
  2 bats
  A giant cockroach (D:2)
  13 goblins
  13 hobgoblins
  7 jackals
  8 kobolds
  A quokka (D:2)
  2 ball pythons
  2 frilled lizards
  8 rats
74 creatures vanquished.

Notes
Turn   | Place    | Note
-------+----------+-------------------------------------------
     0 | D:1      | KristoblXynda the Draconian Gladiator began the quest for
                  | the Orb.
     0 | D:1      | Reached XP level 1. HP: 19/19 MP: 1/1
    63 | D:1      | Reached XP level 2. HP: 21/26 MP: 2/2
   927 | D:2      | Reached XP level 3. HP: 33/33 MP: 3/3
  1092 | D:2      | Found a faded altar of an unknown god.
  1112 | D:2      | Noticed Robin
  1188 | D:2      | Killed Robin
  1357 | D:2      | Noticed Terence
  1384 | D:2      | Killed Terence
  1385 | D:2      | Reached skill level 4 in Long Blades
  1385 | D:2      | Reached XP level 4. HP: 17/40 MP: 4/4
  1385 | D:2      | Found a shattered altar of Ashenzari.
  1627 | D:2      | Became a worshipper of Ashenzari the Shackled
  1628 | D:2      | Found the cursed amulet of Vision {SInv *Curse}
  1864 | D:2      | Found a corrupted altar of Lugonu.
  1864 | D:2      | Found a hide-covered altar of Uskayaw.
  2264 | D:3      | Found a shimmering altar of Xom.
  2266 | D:3      | Found a shimmering altar of Xom.
  2268 | D:3      | Found a shimmering altar of Xom.
  2269 | D:3      | Found a shimmering altar of Xom.
  2269 | D:3      | Found a shimmering altar of Xom.
  2300 | D:3      | Noticed an ogre
  2305 | D:3      | Reached XP level 5. HP: 43/47 MP: 5/5
  2417 | D:3      | HP: 1/47 [orc priest/divine providence (11)]
  2431 | D:3      | Reached skill level 5 in Long Blades
  2442 | D:3      | Killed from afar by an orc priest

Skill      XL: |  1  2  3  4  5 |
---------------+----------------+-----
Throwing       | 2 |  2.0
Dodging        | 3 |  3.7
Fighting       | 4 |  4.6
Long Blades    | 4 5 |  5.0

Action                   |  1- 3 |  4- 6 || total
-------------------------+-------+-------++-------
Melee: Long sword        |    85 |       ||    85
       Tailslap          |    12 |    14 ||    26
       Dagger            |    33 |   107 ||   140
  Use: Scroll            |     1 |     6 ||     7
       Potion            |       |     4 ||     4
  Eat: Chunk             |     4 |     5 ||     9
Armor: Skin              |    27 |    23 ||    50
Dodge: Dodged            |    81 |   100 ||   181
